 Seeded DCSS version 0.24.1-14-gf8d2b509d9 (webtiles) character file.

Game seed: 11282437841098132186, levelgen mode: deterministic

5202 sahdkjhfkaj the Fighter (level 10, -2/52 HPs)
             Began as a Felid Monk on Nov 1, 2020.
             Was an Elder of Makhleb.
             Slain by a shock serpent (6 damage)
             ... on level 12 of the Dungeon.
             The game lasted 00:40:37 (21281 turns).

sahdkjhfkaj the Fighter (Felid Monk)               Turns: 21281, Time: 00:40:38

Health: -2/52      AC:  2    Str: 10    XL:     10   Next: 34%
Magic:  4/18       EV: 25    Int: 12    God:    Makhleb [****..]
Gold:   639        SH:  0    Dex: 22    Spells: 7/19 levels left
                                        Lives:  0   Deaths: 3

rFire    . . .     SeeInvis +     - Unarmed
rCold    . . .     Gourm    .   (shield unavailable)
rNeg     . . .     Faith    .   (armour unavailable)
rPois    .         Spirit   .   (helmet unavailable)
rElec    .         Reflect  .   (cloak unavailable)
rCorr    .         Harm     .   (gloves unavailable)
MR       +....                  (boots unavailable)
Stlth    ++++......             (no amulet)
HPRegen  0.17/turn              F - +3 ring of dexterity
MPRegen  0.16/turn              d - ring of wizardry

@: about to teleport, very slightly contaminated, quick
A: very small, no armour, no weapons or thrown items, stealth, claws 1, fangs 3,
see invisible, carnivore, speed 1, shaggy fur 2, slow metabolism 1, sharp paws
a: Minor Destruction, Lesser Servant of Makhleb, Major Destruction, Renounce
Religion


You were on level 12 of the Dungeon.
You worshipped Makhleb.
Makhleb was greatly pleased with you.
You were full.

You visited 3 branches of the dungeon, and saw 14 of its levels.
You also visited: Ossuary.

You collected 639 gold pieces.

Inventory:

Jewellery
 d - a ring of wizardry (right paw)
 F - a +3 ring of dexterity (left paw)
Wands
 n - a wand of scattershot (6)
 q - a wand of disintegration (2)
 s - a wand of paralysis (16)
 u - a wand of digging (10)
 z - a wand of random effects (15)
 B - a wand of acid (10)
 D - a wand of enslavement (3)
 I - a wand of iceblast (7)
Scrolls
 b - 11 scrolls of remove curse {!r}
 g - 5 scrolls of teleportation {!r}
 h - 2 scrolls of blinking {!r}
 j - 6 scrolls of fog {!r}
 m - 3 scrolls of immolation {!r}
 r - a scroll of torment {!r}
 t - a scroll of enchant armour {!r}
 y - a scroll of holy word {!r, unknown}
 H - a scroll of vulnerability {!r, unknown}
Potions
 c - a potion of invisibility {!q, unknown}
 e - 2 potions of flight {!q, unknown}
 f - 2 potions of magic {!q, unknown}
 k - a potion of heal wounds {!q}
 l - 4 potions of mutation {!q, unknown}
 o - 4 potions of brilliance {!q}
 p - 2 potions of agility {!q}
 v - 3 potions of curing {!q}
 w - 4 potions of haste {!q, unknown}
 A - a potion of lignification {!q, unknown}
 C - a potion of resistance {!q, unknown}
 E - a potion of might {!q, unknown}
Miscellaneous
 i - a lightning rod (4/4)
Comestibles
 a - 27 rations


   Skills:
 + Level 11.5 Fighting
 - Level 8.0 Dodging
 - Level 5.5 Stealth
 - Level 10.0 Unarmed Combat
 - Level 5.1 Spellcasting
 - Level 5.2 Invocations


You had 7 spell levels left.
You knew the following spells:

 Your Spells              Type           Power        Failure   Level  Hunger
a - Magic Dart            Conj           #...         9%          1    None
b - Mephitic Cloud        Conj/Pois/Air  #.......     24%         3    ###....
c - Confuse               Hex            #.......     24%         3    ###....
d - Tukima's Dance        Hex            #.......     24%         3    ###....
B - Blink                 Tloc           N/A          12%         2    ##.....

Your spell library contained the following spells:

 Spells                   Type           Power        Failure   Level  Hunger
 Corona                   Hex            #......      9%          1    None
 Call Imp                 Summ           #.......     12%         2    ##.....
 Ensorcelled Hibernation  Hex/Ice        #.....       12%         2    ##.....
 Slow                     Hex            #.......     12%         2    ##.....
 Conjure Flame            Conj/Fire      #.......     24%         3    ###....
 Dazzling Spray           Conj/Hex       #.....       24%         3    ###....


Dungeon Overview and Level Annotations

Branches:
Dungeon (12/15)            Temple (1/1) D:6            Lair (1/6) D:9
    Orc (0/2) D:9         Ossuary (visited)

Altars:
Ashenzari
Cheibriados
Dithmenos
Elyvilon
Fedhas
Gozag
Hepliaklqana
Kikubaaqudgha
Makhleb
Nemelex Xobeh
Okawaru
Qazlal
Ru
Sif Muna
Trog
Uskayaw
Vehumet
Wu Jian
Xom
Yredelemnul
Zin
The Shining One

Shops:
D:5 :

Annotations:
D:3 ogre and Crazy Yuif


Innate Abilities, Weirdness & Mutations

You cannot wear armour.
You are incapable of wielding weapons or throwing items.
Your paws allow you to move quietly. (Stealth)
You have sharp claws.
You have razor-sharp teeth.
You have supernaturally acute eyesight. (SInv)
You are carnivorous and can eat meat at any time.
You cover ground quickly.
You are covered in thick fur. (AC +2)
You have a slow metabolism.
Your sharp claws are effective at attacking unaware monsters.


Message History

Nothing appears to happen.
The shock serpent bites you! The shock serpent shocks you!
* * * LOW HITPOINT WARNING * * *
The shock serpent barely misses you.
Unknown command.
The shock serpent shoots out a bolt of lightning at you!
The bolt of electricity misses you.
Really read
g - 6 scrolls of teleportation {!r}?
As you read the scroll of teleportation {!r}, it crumbles to dust.
You feel strangely unstable.
The raiju bursts into living lightning!
The living lightning hits the shock serpent.
The shock serpent completely resists.
The living lightning misses you.
The raiju blinks!
The shock serpent shoots out a bolt of lightning at you!
The bolt of electricity hits you!!
* * * LOW HITPOINT WARNING * * *
The bolt of electricity hits the raiju.
The raiju completely resists.
The raiju barely misses you. The shock serpent bites you.
You die...

####..##........#.#
#............÷....#
#........######.###
.).......# #.#
#......†## #.#
#.......# #.#
........## #.#
.......h.# #.#
.#..#.##@# #.#
##[#. #S# .
.###.### ###
(##.....##
..#...##.......#
....###.........#
#.#.##....###....#
#.#.#....... .....#
#.#.#...#.# .#...#


You could see a shock serpent and a raiju.

Vanquished Creatures
  A two-headed ogre (D:9)
  An unseen horror (D:10)
  A cyclops (D:11)
  A black mamba (D:9)
  A gargoyle (D:11)
  A komodo dragon (D:9)
  2 trolls (D:12)
  Prince Ribbit (D:6)
  2 raiju
  4 hippogriffs
  9 yaks (D:11)
  Menkaure (D:4)
  A soldier ant (D:12)
  2 water moccasins
  A hornet zombie (D:9)
  5 orc warriors
  A black bear (D:7)
  An ice beast (D:10)
  2 sky beasts
  2 phantoms
  4 ogres
  4 centaurs
  2 big kobolds
  3 bullfrogs
  Blork the orc (D:4)
  2 wyvern zombies
  A water moccasin zombie (D:8)
  3 scorpions
  3 killer bees
  A howler monkey (D:5)
  2 wights (D:12)
  2 crimson imps
  3 hounds
  2 centaur skeletons
  A bullfrog skeleton (D:4)
  2 jellies
  Crazy Yiuf (D:3)
  6 orc priests
  9 orc wizards
  A gnoll shaman (D:7)
  An iguana (D:3)
  10 worker ants
  A big kobold zombie (Ossuary)
  5 mummies (Ossuary)
  A worker ant zombie (D:5)
  11 adders
  18 gnolls
  3 shadow imps
  A worm zombie (D:8)
  3 adder skeletons
  A worm (D:2)
  4 dart slugs
  6 leopard geckos
  21 orcs
  2 ball pythons
  4 giant cockroaches
  9 goblins
  5 hobgoblins
  10 jackals
  7 quokkas
  7 bats
  9 frilled lizards
  3 gnoll zombies (Ossuary)
  2 goblin zombies (Ossuary)
  A hobgoblin zombie (Ossuary)
  16 kobolds
  An orc zombie (Ossuary)
  7 rats
262 creatures vanquished.

Vanquished Creatures (others)
  9 plants (D:9)
9 creatures vanquished.

Grand Total: 271 creatures vanquished

Notes
Turn   | Place    | Note
-------+----------+-------------------------------------------
     0 | D:1      | sahdkjhfkaj the Felid Monk began the quest for the Orb.
     0 | D:1      | Reached XP level 1. HP: 10/10 MP: 2/2
     9 | D:1      | Noticed an elephant
   324 | D:1      | Reached XP level 2. HP: 14/14 MP: 3/3
  1072 | D:1      | Noticed a five-headed hydra
  1352 | D:2      | Reached XP level 3. HP: 16/17 MP: 4/4
  2264 | D:3      | Found a snail-covered altar of Cheibriados.
  2359 | D:3      | Reached XP level 4. HP: 21/21 MP: 5/5
  2796 | D:3      | Reached skill level 5 in Unarmed Combat
  2807 | D:3      | Reached XP level 5. HP: 2/24 MP: 6/6
  3299 | D:3      | Found a bloodstained altar of Trog.
  3844 | D:4      | Noticed an ogre
  4564 | D:3      | Reached skill level 4 in Fighting
  4810 | D:4      | Reached skill level 5 in Fighting
  4810 | D:4      | Gained mutation: You are covered in thick fur. (AC +2)
                  | [Felid growth]
  4810 | D:4      | Reached XP level 6. HP: 28/30 MP: 7/7
  4875 | D:4      | Noticed Blork the orc
  4887 | D:4      | Reached skill level 1 in Spellcasting
  4888 | D:4      | Noticed Menkaure
  4913 | D:4      | Killed Menkaure
  4930 | D:4      | Noticed an orc warrior
  4931 | D:4      | Killed Blork the orc
  4931 | D:4      | Reached XP level 7. HP: 9/33 MP: 10/13
  4949 | D:5      | Entered Level 5 of the Dungeon
  4989 | D:4      | HP: 1/33 [hound (3)]
  5876 | D:4      | Found a blossoming altar of Fedhas.
  6349 | D:6      | Found a staircase to the Ecumenical Temple.
  6356 | Temple   | Entered the Ecumenical Temple
  6405 | Temple   | Became a worshipper of Makhleb the Destroyer
  6405 | Temple   | Reached * piety under Makhleb
  6405 | Temple   | Reached ** piety under Makhleb
  6516 | D:4      | Reached skill level 1 in Invocations
  6712 | D:4      | Mangled by an orc warrior
  6713 | D:4      | Reached XP level 6. HP: -10/30 MP: 14/14
  6745 | D:4      | Killed an orc warrior
  6751 | D:4      | Killed from afar by an orc priest
  6752 | D:4      | Reached XP level 5. HP: -1/26 MP: 13/13
  6776 | D:4      | Reached XP level 6. HP: 22/30 MP: 14/14
  7267 | D:4      | Found a runed translucent door.
  7268 | D:4      | Noticed Crazy Yiuf
  7971 | D:5      | Reached XP level 7. HP: 33/33 MP: 15/15
  8081 | D:5      | Reached skill level 5 in Invocations
  8123 | D:5      | Found Wetz's Book Shop.
  8210 | D:5      | Reached skill level 5 in Spellcasting
  8622 | D:6      | Reached skill level 5 in Stealth
  8673 | D:6      | Reached skill level 5 in Dodging
  9024 | D:6      | Learned a level 2 spell: Blink
  9026 | D:6      | Learned a level 1 spell: Magic Dart
  9030 | D:6      | Learned a level 3 spell: Mephitic Cloud
  9034 | D:6      | Learned a level 3 spell: Confuse
  9038 | D:6      | Learned a level 3 spell: Tukima's Dance
  9042 | D:7      | Found a white marble altar of Elyvilon.
  9099 | D:7      | Reached XP level 8. HP: 35/37 MP: 14/16
  9162 | D:7      | Reached *** piety under Makhleb
  9492 | D:7      | Found a sacrificial altar of Ru.
  9493 | D:7      | Found a hazy altar of Hepliaklqana.
 10135 | D:3      | Killed Crazy Yiuf
 10263 | D:3      | Found a snail-covered altar of Cheibriados.
 11159 | D:7      | Noticed Prince Ribbit
 11221 | D:6      | Killed Prince Ribbit
 11221 | D:6      | Reached skill level 6 in Fighting
 11740 | D:7      | Found a bloodstained altar of Trog.
 11742 | D:7      | Found a sparkling altar of Nemelex Xobeh.
 11742 | D:7      | Found an opulent altar of Gozag.
 11812 | D:7      | Reached skill level 7 in Fighting
 11971 | D:7      | Reached XP level 9. HP: 43/43 MP: 17/17
 12024 | D:7      | Found a stormy altar of Qazlal.
 12025 | D:7      | Found a shattered altar of Ashenzari.
 12088 | D:8      | Found a sand-covered staircase.
 12184 | Ossuary  | Entered an ossuary
 13072 | D:8      | Reached skill level 8 in Fighting
 13153 | D:8      | Reached **** piety under Makhleb
 13529 | D:9      | Reached skill level 9 in Fighting
 13562 | D:9      | Found a hide-covered altar of Uskayaw.
 13740 | D:9      | Found a staircase to the Orcish Mines.
 13745 | D:9      | Noticed a two-headed ogre
 13825 | D:10     | Entered Level 10 of the Dungeon
 14869 | D:10     | Noticed an unseen horror
 14880 | D:10     | Killed an unseen horror
 14880 | D:10     | Reached skill level 10 in Fighting
 15634 | D:9      | Found a staircase to the Lair.
 15635 | D:9      | Noticed a komodo dragon
 15682 | D:9      | Killed a komodo dragon
 15682 | D:9      | Reached XP level 10. HP: 51/51 MP: 14/18
 15715 | D:9      | Found a staircase to the Lair.
 15752 | D:9      | Found a staircase to the Orcish Mines.
 15792 | D:9      | Killed a two-headed ogre
 15906 | D:9      | Found a staircase to the Lair.
 16236 | D:9      | Found a hide-covered altar of Uskayaw.
 16750 | D:10     | Found an opulent altar of Gozag.
 18134 | D:11     | Noticed a cyclops
 18140 | D:11     | Killed a cyclops
 18352 | D:11     | Reached skill level 10 in Unarmed Combat
 18590 | D:11     | Noticed a gargoyle
 18599 | D:11     | Killed a gargoyle
 18599 | D:11     | Reached ***** piety under Makhleb
 18682 | D:11     | Reached XP level 11. HP: 52/55 MP: 13/19
 19039 | D:12     | Noticed a shock serpent
 19067 | D:11     | HP: 2/55 [centaur/arrow (5)]
 19072 | D:11     | Shot with an arrow by a centaur
 19073 | D:11     | Reached XP level 10. HP: -5/51 MP: 4/18
 19122 | D:11     | Reached skill level 11 in Fighting
 19193 | Lair:1   | Entered Level 1 of the Lair of Beasts
 19193 | Lair:1   | Noticed a black mamba
 19542 | D:9      | Found a staircase to the Orcish Mines.
 19704 | D:9      | Killed a black mamba
 20040 | D:9      | Found a staircase to the Lair.
 20077 | D:9      | Found a staircase to the Orcish Mines.
 20443 | D:9      | Found a hide-covered altar of Uskayaw.
 21281 | D:12     | Slain by a shock serpent

Levels and vault maps discovered:
D:1:      sevenhm_arrival_forest_fort_small_2, layout_basic
D:2:      layout_rooms
D:3:      minmay_wonky_spiral, layout_loops_ring,
          nicolae_overflow_crystal_walls, first_ration, bloody_trog
D:4:      layout_basic, chequers_garden, hex_large,
          fedhas_bush_and_centaur_altar, uniq_crazy_yiuf_cottage, uniq_menkaure,
          uniq_blork_the_orc
D:5:      layout_cave_pools, serial_shops, shop_statue
D:6:      layout_cave_pools, minmay_temple_entry_wispy
D:7:      layout_cave_pools, grunt_temple_overflow_open,
          gammafunk_temple_overflow_pools, grunt_ogre_cave, elyvilon_altar_5,
          uniq_prince_ribbit1
D:8:      layout_basic, enter_ossuary_3
D:9:      layout_basic, eat_drink_and_be_merry_uskayaw, david_lair_shrubbed,
          orc_0_dummy
D:10:     layout_roguey, serial_aquarium, aquarium_bridge_square
          [aquarium_subvault_bridge, aquarium_subvault_bridge,
          aquarium_subvault_bridge, aquarium_subvault_bridge],
          aquarium_window_fake, aquarium_window_1, aquarium_view_2d,
          aquarium_pool_S, nicolae_gozag_cash_rules_everything_around_me
D:11:     layout_loops_corners, kennysheep_flooded_box
D:12:     minmay_shoctagon, layout_loops_ring, uniq_sonja
Temple:   cyrus_circular_temple
Lair:1:   layout_cave_pods

Skill      XL: |  1  2  3  4  5  6  7  8  9 10 |
---------------+-------------------------------+-----
Unarmed Combat | 4 5 10 | 10.0
Fighting       | 5 7 10 11 | 11.5
Spellcasting   | 3 5 |  5.1
Invocations    | 3 4 5 |  5.2
Stealth        | 5 |  5.5
Dodging        | 6 8 |  8.0

Action                   |  1- 3 |  4- 6 |  7- 9 | 10-12 || total
-------------------------+-------+-------+-------+-------++-------
Melee: Unarmed           |   111 |   268 |   498 |   195 ||  1072
       Bite              |    10 |    31 |    54 |    27 ||   122
       Punch             |     1 |     7 |    10 |    11 ||    29
 Cast: Confuse           |       |       |    22 |    15 ||    37
       Mephitic Cloud    |       |       |    21 |    18 ||    39
       Tukima's Dance    |       |       |    13 |       ||    13
       Magic Dart        |       |       |     5 |     3 ||     8
       Blink             |       |       |       |     3 ||     3
Evoke: Wand              |       |       |     1 |       ||     1
  Use: Potion            |     1 |     1 |     5 |     1 ||     8
       Scroll            |     5 |     2 |     8 |    12 ||    27
 Stab: Sleeping          |     9 |     8 |    15 |    11 ||    43
       Distracted        |     1 |     2 |     1 |       ||     4
       Confused          |       |       |    21 |     8 ||    29
  Eat: Chunk             |    10 |     9 |    21 |    21 ||    61
Armor: Skin              |     4 |     5 |    13 |     8 ||    30
Dodge: Dodged            |    83 |   213 |   435 |   170 ||   901
